 Dungeon Crawl Stone Soup version 0.30.0-5-g1a98f26d00 (webtiles) character file.

Game seed: 15762002421319387807

60501 Firecrotchwizard the Messiah (level 14, -16/138 HPs)
             Began as a Hill Orc Monk on May 11, 2023.
             Was the Champion of Beogh.
             Demolished by Frances
             ... wielding a +0 trident
              (19 damage)
             ... on level 13 of the Dungeon.
             The game lasted 00:52:31 (20080 turns).

Firecrotchwizard the Messiah (Hill Orc Monk)       Turns: 20080, Time: 00:52:32

Health: -16/138    AC: 26    Str: 19    XL:     14   Next: 99%
Magic:  21/27      EV: 14    Int: 10    God:    Beogh [******]
Gold:   991        SH:  0    Dex: 13    Spells: 13/13 levels left

rFire   . . .        b - +3 broad axe (flame)
rCold   . . .        d - orb {light}
rNeg    . . .        v - +2 chain mail {Will+}
rPois   .            Y - +1 helmet
rElec   .            X - scarf {repulsion}
rCorr   .            A - +0 pair of gloves
SInv    .            B - +2 pair of boots
Will    ++...        a - amulet of the acrobat Stlth
                     m - +4 ring of protection
HPRegen 0.43/turn    H - +5 ring of evasion
MPRegen 0.20/turn

%: repel missiles, acrobat
@: glowing, studying Invocations
A: walk on water
a: Renounce Religion, Smiting, Recall Orcish Followers, Give Item to Named
Follower, Resurrection


You were on level 13 of the Dungeon.
You worshipped Beogh.
Beogh was exalted by your worship.
You visited 2 branches of the dungeon, and saw 20 of its levels.
You also visited: Sewer.

You collected 1599 gold pieces.
You spent 608 gold pieces at shops.

Inventory:

Hand Weapons
 b - a +3 broad axe of flaming (weapon)
 W - a +4 war axe of freezing
Missiles
 j - 11 boomerangs (quivered)
 q - 63 poisoned darts
 w - 5 throwing nets {@!f}
Armour
 d - an orb of light (worn)
 v - a +2 chain mail of willpower (worn)
 A - a +0 pair of gloves (worn)
 B - a +2 pair of boots (worn)
 F - a +0 plate armour
 X - a scarf of repulsion (worn)
 Y - a +1 helmet (worn)
Jewellery
 a - an amulet of the acrobat (around neck)
 e - a ring of resist corrosion
 m - a +4 ring of protection (left hand)
 n - a ring of willpower
 s - a ring of protection from fire
 x - a ring of poison resistance
 H - a +5 ring of evasion (right hand)
 K - a ring of wizardry
 R - a ring of protection from cold
Wands
 y - a wand of iceblast (28)
 L - a wand of mindburst (5)
 O - a wand of paralysis (8)
 U - a wand of digging (12)
 Z - a wand of polymorph (5)
Scrolls
 f - 2 scrolls of fog
 g - a scroll of blinking
 i - 6 scrolls of identify
 l - 9 scrolls of magic mapping {unknown}
 z - 10 scrolls of teleportation {unknown}
 C - 4 scrolls of silence
 I - 5 scrolls of noise {unknown}
 N - a scroll of immolation
 P - a scroll of torment {unknown}
 Q - 2 scrolls of fear {unknown}
 S - 3 scrolls of vulnerability
 T - 4 scrolls of poison {unknown}
Potions
 c - a potion of ambrosia
 h - 7 potions of curing
 k - 2 potions of attraction
 o - 2 potions of brilliance {unknown}
 p - 6 potions of haste
 r - 3 potions of resistance
 t - 4 potions of might
 u - a potion of magic {unknown}
 D - 7 potions of heal wounds {unknown}
 E - 6 potions of flight
 G - 2 potions of berserk rage
 J - 4 potions of mutation
 M - 4 potions of degeneration
 V - 3 potions of lignification {unknown}


   Skills:
 + Level 16.4 Fighting
 - Level 18.0 Axes
 + Level 13.6 Armour
 - Level 2.4 Dodging
 + Level 19.8 Invocations


You had 13 spell levels left.
You didn't know any spells.
Your spell library contained the following spells:

 Spells                   Type           Power      Damage    Failure   Level
 Apportation              Tloc           0%         N/A       88%         1
 Ensorcelled Hibernation  Hex/Ice        0%         N/A       96%         2
 Poisonous Vapours        Pois/Air       0%         N/A       96%         2
 Sublimation of Blood     Necr           0%         N/A       96%         2
 Mephitic Cloud           Conj/Pois/Air  0%         N/A       99%         3
 Spider Form              Tmut/Pois      0%         N/A       99%         3
 Anguish                  Hex/Necr       0%         N/A       100%        4
 Petrify                  Tmut/Erth      0%         N/A       100%        4
 Alistair's Intoxication  Tmut/Pois      0%         N/A       100%        5
 Freezing Cloud           Conj/Ice/Air   0%         6-21      100%        5
 Irradiate                Conj/Tmut      0%         3d11      100%        5


Dungeon Overview and Level Annotations

Branches:
Dungeon (15/15)            Temple (0/1) D:7            Lair (5/5) D:9
 Shoals (0/4) Lair:3       Spider (0/4) Lair:3        Slime (0/5) Lair:4
    Orc (0/2) D:11         Vaults (0/5) D:13          Sewer (visited)
 Depths: D:15

Altars:
Cheibriados
Gozag
Qazlal
Ru
Xom
The Shining One

Shops:
D:6 :(?[!   D:9 ?   D:11 *   D:14 :

Annotations:
D:3 2 runed translucent doors, Anandil's ghost, weakling DsFi
D:9 exclusion: obsidian statue
D:13 Frances


Message History

You slice the hell hound!!
You kill the hell hound!
Beogh accepts your kill.
You start resting.
Magic restored.
You start resting.
Frances, Duchess of Pandemonium comes into view.
She is wielding a +0 trident and wearing a +2 ring mail of fire resistance.
Frances shouts!
Frances mutters in a terrible tongue.
Frances seems to speed up.
Press: ? - help, v - describe, . - travel
Here: Frances, wielding a +0 trident and wearing a +2 ring mail of fire resistance (fast)
The floor.
Frances completely misses you. Frances completely misses you.
Frances chants phrases taken from a devil's mouth.
You barely miss Frances. You barely miss the sixfirhy.
Frances barely misses you.
You hit Frances but do no damage. You slash the sixfirhy!
You burn the sixfirhy. Frances hits you with a +0 trident.
You barely miss Frances. You closely miss the sixfirhy. You slash the ynoxinul!
You burn the ynoxinul. Frances hits you but does no damage.
The ynoxinul barely misses you.
You hit Frances but do no damage. You barely miss the sixfirhy.
You hit the ynoxinul. You burn the ynoxinul. The sixfirhy hits you!
The sixfirhy shocks you!
Frances sneers.
Frances chants phrases taken from a devil's mouth.
The shard of ice is repelled.
You slice Frances!! You burn Frances.
Frances is lightly wounded.
You closely miss the sixfirhy. You slash the ynoxinul! You burn the ynoxinul.
You kill the ynoxinul!
The ynoxinul disappears in a puff of smoke!
The sixfirhy hits you but does no damage.
The sixfirhy barely misses you. Frances misses you.
The sixfirhy hits you but does no damage.
You slash Frances! You burn Frances.
Frances is moderately wounded.
You hit the sixfirhy but do no damage. The sixfirhy hits you.
The sixfirhy shocks you!
* * * LOW HITPOINT WARNING * * *
The sixfirhy misses you. Frances hits you but does no damage.
The sixfirhy barely misses you.
You hit Frances but do no damage.
Frances is moderately wounded.
You hit the sixfirhy. You burn the sixfirhy. The sixfirhy closely misses you.
Frances barely misses you.
You hit Frances but do no damage.
Frances is moderately wounded.
You slash the sixfirhy! You burn the sixfirhy.
Frances hits you but does no damage.
You hit Frances but do no damage.
Frances is moderately wounded.
You hit the sixfirhy. You burn the sixfirhy.
Frances hits you with a +0 trident!
* * * LOW HITPOINT WARNING * * *
Frances misses you.
You slash Frances! You burn Frances.
Frances is moderately wounded.
You barely miss the sixfirhy.
Frances chants phrases taken from a devil's mouth.
You hit Frances.
Frances is moderately wounded.
You closely miss the sixfirhy.
The sixfirhy hits you but does no damage.
The sixfirhy barely misses you.
The sixfirhy hits you but does no damage.
Frances hits you with a +0 trident.
* * * LOW HITPOINT WARNING * * *
Aiming: Smiting
Press: ? - help, Dir - move target, f - Frances Smite: Frances, wielding a +0 trident and wearing a +2 ring mail of fire resistance (moderately wounded, fast, haloed)
You smite Frances!!!
Frances is severely wounded.
The sixfirhy hits you but does no damage. x3
The sixfirhy hits you.
* * * LOW HITPOINT WARNING * * *
The sixfirhy shocks you!
* * * LOW HITPOINT WARNING * * *
Frances hits you with a +0 trident.
* * * LOW HITPOINT WARNING * * *
Aiming: Smiting
Press: ? - help, Dir - move target, f/p - Frances Smite: Frances, wielding a +0 trident and wearing a +2 ring mail of fire resistance (severely wounded, fast, haloed)
You smite Frances!!!
Frances is almost dead.
The sixfirhy hits you.
* * * LOW HITPOINT WARNING * * *
The sixfirhy shocks you!
* * * LOW HITPOINT WARNING * * *
Frances mutters in a terrible tongue.
The iron shot misses you. The hellwing closely misses you.
The hellwing hits you but does no damage.
The ice devil hits you.
* * * LOW HITPOINT WARNING * * *
The ice devil freezes you!
* * * LOW HITPOINT WARNING * * *
Frances hits you with a +0 trident!!
You die...

............ #... ............#
#..# #...........# #..#
#...........# #..+
#...........###### #..#
#.................. #..#
#.4@3..........>...
#..#+###..@4..............
#..)......................
^......########................
....hâ—‹. #....###.........
.....## #....# #......... .....
#....# #..#####. .... #....#
#..'...# ... ###### #..#...#
... #..#...#


You could see Frances (fast), a hellwing (summoned), an ice devil (summoned) and
a sixfirhy (summoned).

Vanquished Creatures
  Azrael (D:13)
  An ettin (D:13)
  6 hydras
  An ice dragon (D:13)
  Harold (D:9)
  2 centaur warriors
  4 catoblepae
  4 two-headed ogres
  A boulder beetle (D:13)
  7 death yaks
  A tengu warrior (D:14)
  Pikel (D:5)
  2 deep elf pyromancers
  A cyclops (D:11)
  5 manticores
  6 ugly things
  10 elephants
  Joseph (D:8)
  A merfolk siren (Lair:3)
  A black mamba (Lair:5)
  6 cane toads
  Psyche (D:8)
  2 unseen horrors (D:12)
  A kobold demonologist (D:9)
  A rime drake (Lair:4)
  8 komodo dragons
  3 trolls
  4 polar bears
  A tarantella (Lair:3)
  A raiju (shapeshifter) (D:13)
  A hornet (D:8)
  A blink frog (Lair:4)
  11 dream sheep (Lair:5)
  A shadow (D:12)
  2 wraiths
  57 yaks
  4 wyverns
  5 basilisks
  5 humans (D:6)
  2 vampires
  Grum (D:8)
  5 fire elementals (D:13)
  3 steam dragons
  A warg (D:15)
  11 water moccasins
  2 acid dragons
  2 hell hounds (D:13)
  4 orc warriors
  2 sky beasts
  2 ice beasts
  2 black bears
  A boggart (D:14)
  3 ogres
  16 wolves
  7 centaurs
  5 kobold brigands
  2 phantoms
  11 bullfrogs
  2 gnoll sergeants
  4 scorpions
  10 wights
  10 killer bees
  2 howler monkeys
  7 jellies
  2 gnoll boudas
  2 orc priests
  2 hounds (D:6)
  7 orc wizards
  4 iguanas
  14 gnolls
  16 adders
  4 river rats (Sewer)
  2 shadow imps
  3 ufetubi
  3 worms
  4 dart slugs
  12 orcs
  15 endoplasms
  8 giant cockroaches
  A goblin (D:1)
  2 hobgoblins
  3 jackals (D:4)
  4 quokkas
  8 ball pythons
  10 bats
  3 frilled lizards
  26 kobolds
  7 rats
451 creatures vanquished.

Vanquished Creatures (collateral kills)
  A hydra (Lair:5)
  A boulder beetle (D:13)
  An orc knight (D:15)
  A deep elf pyromancer (D:12)
  An ugly thing (D:14)
  3 elephants (Lair:3)
  2 cane toads
  2 komodo dragons
  A troll (D:12)
  A polar bear (Lair:1)
  3 dream sheep (Lair:5)
  3 blink frogs (Lair:4)
  3 wyverns
  8 yaks
  2 basilisks
  A steam dragon (D:8)
  An orc warrior (D:7)
  An ice beast (D:7)
  A wolf (Lair:4)
  A centaur (D:9)
  A kobold brigand (D:11)
  3 scorpions (D:7)
  2 bullfrogs
  2 wights
  A killer bee (D:9)
  An orc wizard (D:15)
  4 gnolls
  4 orcs
  A kobold (D:11)
57 creatures vanquished.

Vanquished Creatures (others)
  An orc warrior (D:11)
  2 orc wizards (Lair:5)
  4 orc priests
  A wight (D:8)
  An adder (D:5)
  14 orcs
  A rat (D:8)
24 creatures vanquished.

Grand Total: 532 creatures vanquished

Notes
Turn   | Place    | Note
-------+----------+-------------------------------------------
     0 | D:1      | Firecrotchwizard the Hill Orc Monk began the quest for the
                  | Orb.
     0 | D:1      | Reached XP level 1. HP: 19/19 MP: 1/1
   212 | D:1      | Reached XP level 2. HP: 24/27 MP: 2/2
   723 | D:2      | Reached skill level 5 in Axes
   751 | D:2      | Reached XP level 3. HP: 18/33 MP: 3/3
   901 | D:3      | Found a runed translucent door.
   924 | D:3      | Reached XP level 4. HP: 39/41 MP: 4/4
  1009 | D:3      | Found a glowing drain.
  1057 | Sewer    | Entered a sewer
  1229 | Sewer    | Reached XP level 5. HP: 47/47 MP: 5/5
  1384 | Sewer    | Noticed a kobold brigand
  1403 | Sewer    | Killed a kobold brigand
  1404 | Sewer    | Reached skill level 5 in Fighting
  1464 | Sewer    | Reached XP level 6. HP: 53/56 MP: 6/6
  2001 | D:3      | Reached XP level 7. HP: 61/63 MP: 7/7
  2135 | D:3      | Found a runed translucent door.
  2139 | D:3      | Noticed Anandil's ghost (weakling DsFi)
  3228 | D:5      | Entered Level 5 of the Dungeon
  3335 | D:5      | Found a sacrificial altar of Ru.
  3351 | D:5      | Reached skill level 10 in Axes
  3353 | D:5      | Reached XP level 8. HP: 61/73 MP: 8/8
  3633 | D:5      | Became a worshipper of Beogh the Brigand
  3633 | D:5      | Reached * piety under Beogh
  3633 | D:5      | Reached ** piety under Beogh
  3648 | D:5      | Reached skill level 1 in Invocations
  3684 | D:5      | Reached skill level 1 in Armour
  3834 | D:5      | Noticed a water elemental
  3838 | D:5      | Found a stormy altar of Qazlal.
  3840 | D:5      | Noticed an air elemental
  4013 | D:5      | Reached skill level 2 in Invocations
  4554 | D:6      | Noticed Pikel
  4586 | D:5      | Killed Pikel
  4587 | D:5      | Reached skill level 3 in Invocations
  4587 | D:5      | Reached XP level 9. HP: 61/82 MP: 9/11
  4652 | D:6      | Found Koget's Distillery.
  4655 | D:6      | Bought a potion of curing for 36 gold pieces
  4735 | D:6      | Reached skill level 4 in Invocations
  4830 | D:6      | Reached skill level 5 in Invocations
  4894 | D:6      | Found Niuhuxt's Armour Shoppe.
  5297 | D:6      | Found Fuwed's Book Shoppe.
  5356 | D:6      | Reached *** piety under Beogh
  5469 | D:6      | Found Zoosh's Weapon Shoppe.
  5484 | D:6      | Found Toicoxtu's Magic Scroll Boutique.
  5510 | D:6      | Found a snail-covered altar of Cheibriados.
  5682 | D:6      | Reached skill level 5 in Armour
  5682 | D:6      | Reached skill level 6 in Invocations
  5682 | D:6      | Reached XP level 10. HP: 80/92 MP: 14/14
  6072 | D:7      | Found a staircase to the Ecumenical Temple.
  6282 | D:7      | Reached skill level 10 in Fighting
  6828 | D:7      | Gained Boruk as an ally
  6846 | D:7      | Reached skill level 7 in Invocations
  7094 | D:8      | Noticed Psyche
  7104 | D:8      | Your ally Boruk died
  7107 | D:8      | Killed Psyche
  7326 | D:8      | Reached **** piety under Beogh
  7879 | D:8      | Found a shimmering altar of Xom.
  7879 | D:8      | Found a shimmering altar of Xom.
  7879 | D:8      | Found a shimmering altar of Xom.
  7879 | D:8      | Found a shimmering altar of Xom.
  7879 | D:8      | Found a shimmering altar of Xom.
  7879 | D:8      | Found a shimmering altar of Xom.
  7961 | D:8      | Noticed Joseph
  7984 | D:8      | Killed Joseph
  7985 | D:8      | Reached skill level 8 in Invocations
  8033 | D:8      | Noticed Grum
  8044 | D:8      | Killed Grum
  8458 | D:9      | Reached XP level 11. HP: 102/102 MP: 17/17
  8501 | D:9      | Gained Spirok as an ally
  8650 | D:9      | Noticed Harold
  8664 | D:9      | Killed Harold
  8665 | D:9      | Reached skill level 9 in Invocations
  8881 | D:9      | Reached ***** piety under Beogh
  9070 | D:9      | Found a glowing golden altar of the Shining One.
  9127 | D:9      | Found a staircase to the Lair.
  9291 | D:9      | Found Moiziefe's Magic Scroll Shop.
  9516 | D:9      | Noticed an obsidian statue
  9624 | D:10     | Entered Level 10 of the Dungeon
  9860 | D:10     | Noticed a two-headed ogre
  9867 | D:10     | Killed a two-headed ogre
 10164 | D:10     | Reached skill level 10 in Invocations
 10446 | D:10     | Reached skill level 15 in Axes
 10725 | D:6      | Bought a scroll of acquirement for 572 gold pieces
 10725 | D:6      | Acquired a manual of Invocations
 10831 | Lair:1   | Entered Level 1 of the Lair of Beasts
 10834 | Lair:1   | Gained Gorm as an ally
 10839 | Lair:1   | Reached XP level 12. HP: 113/113 MP: 19/19
 11409 | Lair:1   | Reached skill level 11 in Invocations
 11542 | Lair:1   | Acquired a +0 broad axe of flaming
 12084 | Lair:2   | Noticed a six-headed hydra
 12092 | Lair:2   | Killed a two-headed hydra
 12257 | Lair:2   | Reached skill level 12 in Invocations
 12780 | Lair:3   | You fall into a shaft and drop 2 floors!
 12780 | Lair:5   | Entered Level 5 of the Lair of Beasts
 12857 | Lair:5   | Noticed a four-headed hydra
 12866 | Lair:5   | Killed a one-headed hydra
 12950 | Lair:5   | Reached skill level 10 in Armour
 12956 | Lair:5   | Reached skill level 13 in Invocations
 13089 | Lair:5   | Noticed a seven-headed hydra
 13098 | Lair:5   | Killed a five-headed hydra
 13111 | Lair:5   | Reached ****** piety under Beogh
 13294 | Lair:5   | Gained Garbold as an ally
 13379 | Lair:5   | Reached skill level 14 in Invocations
 13379 | Lair:5   | Reached XP level 13. HP: 101/122 MP: 23/23
 13470 | Lair:5   | Gained Hawl as an ally
 13655 | Lair:4   | Gained Morguth as an ally
 13656 | Lair:4   | Reached skill level 15 in Invocations
 13882 | Lair:3   | Found a hole to the Spider Nest.
 14373 | Lair:3   | Gained Borgoth as an ally
 14406 | Lair:3   | Found a staircase to the Shoals.
 14899 | Lair:4   | Reached skill level 16 in Invocations
 15024 | Lair:4   | Found a staircase to the Slime Pits.
 16106 | Lair:5   | Reached XP level 14. HP: 80/133 MP: 26/26
 16114 | Lair:5   | Reached skill level 15 in Fighting
 16114 | Lair:5   | Reached skill level 17 in Invocations
 16359 | Lair:5   | Gained Marbaugh as an ally
 17027 | D:11     | Found a staircase to the Orcish Mines.
 17226 | D:11     | Identified the +1 leather armour "Tyepp" {*Corrode +Blink
                  | MP+9 Str+5}
 17232 | D:11     | Found an opulent altar of Gozag.
 17236 | D:11     | Found Gozag's Platinum Reserve.
 18449 | D:12     | Reached skill level 18 in Invocations
 18684 | D:12     | You fall into a shaft and drop 3 floors!
 18684 | D:15     | Entered Level 15 of the Dungeon
 18738 | D:15     | Gained Arkwar as an ally
 18780 | D:14     | Found Onyegous's Book Shop.
 18885 | D:14     | Identified the +1 flail of Boompuva {drain, *Noise *Corrode
                  | rC++ Int+2}
 19044 | D:14     | Reached skill level 19 in Invocations
 19120 | D:14     | Found the +6 lightning scales {swift, rElec}
 19456 | D:13     | Identified the +3 leather armour of Uskayaw's Esteem
                  | {Str+2}
 19725 | D:13     | Found a gate to the Vaults.
 19962 | D:13     | Noticed Azrael
 19967 | D:13     | Killed Azrael
 20063 | D:13     | Noticed Frances
 20080 | D:13     | HP: 3/138 [ice devil[Frances] (15)]
 20080 | D:13     | Demolished by Frances

Illustrated notes

Levels and vault maps discovered:
D:1:      dpeg_arrival_prison, layout_loops_corners
D:2:      layout_loops_cross, hellmonk_ecumenical_altar_inner_sanctum,
          minivault_5, minmay_tetromino_l4
D:3:      layout_loops_cross, cheibrodos_sewer_entry_drain,
          ebering_ghost_sewer_f
D:4:      layout_gridville
D:5:      layout_layer_cave, nicolae_overflow_crystal_walls,
          nicolae_qazlal_style_of_elements
D:6:      layout_gridville, cheibrodos_worm_habitat, serial_shops, shop,
          nicolae_shop_pleasant_corner_grove, nicolae_shop_just_a_little_nook,
          shop, shop, minmay_ruffians, uniq_pikel
D:7:      old_forge, layout_loops_ring, lemuel_temple_firewalk_b, st_stairs_14
D:8:      wad_crossroads, layout_basic, xom_shifter_show, uniq_grum,
          uniq_psyche, uniq_joseph
D:9:      minmay_statue_hallways, layout_layer_cave,
          nicolae_tso_swordbearing_angel, david_lair_generic, serial_shops,
          nicolae_lakefront_shop, uniq_harold
D:10:     layout_gridville
D:11:     layout_stronghold, david_orc_2, nicolae_gozag_zags_fifth_avenue
D:12:     layout_loops_ring, hangedman_abyss_or_decor_lesser_grid
D:13:     layout_irregular_city, david_vaults_4, uniq_azrael, uniq_frances
D:14:     minmay_the_grid_octo_tiled_squarecenter [minmay_the_grid_octo_teeth,
          minmay_the_grid_octo_concentric, minmay_the_grid_octo_fan_narrow,
          minmay_the_grid_octo_vomiting_pacman,
          minmay_the_grid_square_5x5_megaprize_open,
          minmay_the_grid_square_5x5_checkered_sparse,
          minmay_the_grid_square_5x5_inset, minmay_the_grid_square_5x5_c,
          minmay_the_grid_square_5x5_moneybag], layout_grid_maze,
          corexii_leaking_fountain, ebering_ghost_reflecting_pool, serial_shops,
          nicolae_shop_real_fake_doors
D:15:     gammafunk_enter_depths_forms, layout_gridville, serial_park_tiny_1
Lair:1:   layout_chaotic_city
Lair:2:   layout_cave_pods, minivault_24, grunt_forest_stairs_basic,
          grunt_forest_small_clearing_treed, grunt_megastairs_5,
          serial_bayou_shore_b
Lair:3:   layout_chaotic_city, minmay_shoals_entry_lonely_mermaid,
          spider_nest_entry_rubble
Lair:4:   layout_gridlike, nicolae_slime_entry_slimehenge, st_stairs_11
Lair:5:   evilmike_catoblepas_cave, layout_big_grid, st_stairs_10

Skill      XL: |  1  2  3  4  5  6  7  8  9 10 11 12 13 14 |
---------------+-------------------------------------------+-----
Fighting       | 4 5 6 7 8 9 11 12 13 14 16 | 16.4
Axes           | 5 6 7 8 10 11 12 13 15 16 17 18 | 18.0
Invocations    | 3 6 8 10 14 16 19 | 19.8
Armour         | 3 5 7 8 10 12 13 | 13.6
Dodging        | |  2.4

Action                     |  1- 3 |  4- 6 |  7- 9 | 10-12 | 13-15 || total
---------------------------+-------+-------+-------+-------+-------++-------
  Melee: Hand axe          |    30 |       |       |       |       ||    30
         War axe           |    51 |   112 |   290 |   374 |       ||   827
         Broad axe         |       |       |       |   105 |   545 ||   650
 Invoke: Convert to Beogh  |       |       |     1 |       |       ||     1
         Recall Orcish Fol |       |       |       |     4 |     5 ||     9
         Smiting           |       |       |       |       |     5 ||     5
    Use: Scroll            |       |       |       |    13 |     7 ||    20
   Stab: Distracted        |       |       |       |     7 |     5 ||    12
         Petrified         |       |       |       |       |     6 ||     6
         Paralysed         |       |       |       |       |     2 ||     2
 Armour: Robe              |    20 |       |       |       |       ||    20
         Leather armour    |    12 |    36 |     6 |       |       ||    54
         Ring mail         |       |       |    61 |       |       ||    61
         Chain mail        |       |       |    75 |   169 |   111 ||   355
         Scale mail        |       |       |       |    73 |   180 ||   253
  Dodge: Dodged            |    50 |    71 |   201 |   400 |   413 ||  1135
         Repelled          |       |       |       |       |     4 ||     4
